 Dungeon Crawl Stone Soup version 0.31.0-9-g3a7656b989 (webtiles) character file.

Game seed: 2044893193216577575

752 Peloso the Slasher (level 7, -5/54 (62) HPs)
             Began as a Minotaur Fighter on Feb 5, 2024.
             Slain by Edmund
             ... wielding a +4 dire flail of draining
              (6 damage)
             ... on level 5 of the Dungeon.
             The game lasted 00:07:00 (4079 turns).

Peloso the Slasher (Minotaur Fighter)               Turns: 4079, Time: 00:07:00

HP:   -5/54 (62)    AC: 10    Str: 20    XL:     7   Next: 49%
MP:   6/6           EV:  8    Int:  5    God:
Gold: 267           SH:  5    Dex: 12    Spells: 6/6 levels left

rFire   + . .        a - +0 long sword
rCold   . . .        d - +0 buckler
rNeg    . . .        c - +0 chain mail
rPois   .            (helmet restricted)
rElec   .            (no cloak)
rCorr   .            (no gloves)
SInv    .            (no boots)
Will    +....        (no amulet) Stlth
                     f - ring of protection from fire
HPRegen 0.29/turn    q - ring of willpower
MPRegen 0.10/turn

%: no passive effects
@: lethally poisoned (-5 -> -10), hasted, heavily drained, very quick
A: horns 2, retaliatory headbutt
a: no special abilities


You were on level 5 of the Dungeon.
You visited 2 branches of the dungeon, and saw 6 of its levels.

You collected 267 gold pieces.

Inventory:

Hand Weapons
 a - a +0 long sword (weapon)
Armour
 b - a +0 scale mail
 c - a +0 chain mail (worn)
 d - a +0 buckler (worn)
Jewellery
 f - a ring of protection from fire (left hand)
 m - a ring of ice
 q - a ring of willpower (right hand)
 y - an amulet of reflection
Wands
 o - a wand of iceblast (6)
Scrolls
 e - a scroll of teleportation {unknown}
 i - 3 scrolls of fear {unknown}
 k - a scroll of enchant armour {unknown}
 n - 2 scrolls of enchant weapon {unknown}
 t - a scroll of identify
 v - a scroll of poison {unknown}
 w - a scroll of noise {unknown}
 x - a scroll of amnesia {unknown}
Potions
 g - a potion of berserk rage {unknown}
 h - a potion of resistance
 j - a potion of might
 l - a potion of magic
 p - a potion of enlightenment
 r - a potion of curing {unknown}
 s - a potion of heal wounds {unknown}
 u - a potion of haste
 z - a potion of lignification {unknown}


   Skills:
 + Level 5.6 Fighting
 + Level 6.5 Long Blades
 + Level 6.1 Armour
 + Level 1.4 Dodging
 + Level 0.4 Stealth
 + Level 5.1 Shields
 + Level 0.1 Evocations


You had 6 spell levels left.
You didn't know any spells.
Your spell library contained the following spells:

 Spells                   Type           Power      Damage    Failure   Level
 Sting                    Conj/Alch      0%         1d3       99%         1
 Mercury Vapours          Alch/Air       0%         N/A       100%        2
 Call Canine Familiar     Summ           0%         N/A       100%        3
 Ozocubu's Armour         Ice            0%         N/A       100%        3
 Sigil of Binding         Hex            0%         N/A       100%        3
 Tukima's Dance           Hex            0%         N/A       100%        3
 Dimensional Bullseye     Hex/Tloc       0%         N/A       100%        4
 Iskenderun's Mystic Bla  Conj/Tloc      0%         2d3       100%        4
 Olgreb's Toxic Radiance  Alch           0%         N/A       100%        4
 Metabolic Englaciation   Hex/Ice        0%         N/A       100%        5
 Sculpt Simulacrum        Ice/Alch       0%         N/A       100%        6
 Ozocubu's Refrigeration  Ice            0%         4d7       100%        7
 Polar Vortex             Ice            0%         N/A       100%        9


Dungeon Overview and Level Annotations

Branches:
Dungeon (5/15)             Temple (1/1) D:4

Altars:
Cheibriados
Dithmenos
Elyvilon
Fedhas
Hepliaklqana
Nemelex Xobeh
Qazlal
Ru
Wu Jian
Xom
Yredelemnul
Zin

Annotations:
D:3 2 transporters, 1 runed translucent door, Crazy Yiuf; beef's ghost, weakling DECj
D:5 1 transporter, Edmund


Innate Abilities, Weirdness & Mutations

You have a pair of horns on your head.
You reflexively headbutt those who attack you in melee.


Message History

The scorpion is lightly wounded.
The scorpion stings you but does no damage. x2
You hit the scorpion. Your headbutt misses the scorpion.
The scorpion is moderately wounded.
You block the scorpion's attack.
Edmund hits you with a +4 dire flail of draining!
You feel drained.
You hit the scorpion.
The scorpion is heavily wounded.
The scorpion barely misses you.
Edmund hits you with a +4 dire flail of draining!
You feel drained.
The scorpion stings you but does no damage.
You hit the scorpion.
You headbutt the scorpion, but do no damage.
The scorpion is severely wounded.
The scorpion stings you but does no damage.
Edmund hits you with a +4 dire flail of draining!
You feel drained.
You hit the scorpion but do no damage.
You headbutt the scorpion, but do no damage.
The scorpion is severely wounded.
The scorpion barely misses you.
Edmund hits you with a +4 dire flail of draining!
* * * LOW HITPOINT WARNING * * *
You feel drained.
* * * LOW HITPOINT WARNING * * *
Okay, then.
It was a potion of magic.
Magic courses through your body. The scorpion stings you.
* * * LOW HITPOINT WARNING * * *
You are lethally poisoned!
The scorpion poisons you! You block Edmund's attack.
The scorpion completely misses you.
It was a potion of haste.
You feel yourself speed up.
* * * LOW HITPOINT WARNING * * *
You feel sick.
Edmund hits you with a +4 dire flail of draining.
You die...
Edmund says, "That'll show my brother!"

#......# .....
#......+......
#......#......
##......#.:.. ...
........#........
..........# #..#
©.....s@.####..###+####
#@[.............#
#.............).#
#...............#
#..?............#
#..............#
#...###+####..##
#.)###..####..# ..
#.....(.......# ... #.
#............##


You could see Edmund and a scorpion.

Vanquished Creatures
  Grinder (D:4)
  2 bombardier beetles
  A howler monkey (D:2)
  A hound (D:5)
  4 orc priests
  A jelly (D:4)
  2 iguanas
  Robin (D:3)
  6 adders
  A ribbon worm (D:1)
  A dart slug (D:3)
  21 orcs
  3 bats (D:2)
  11 endoplasms
  4 giant cockroaches
  19 goblins
  8 hobgoblins
  11 jackals
  3 quokkas
  7 ball pythons
  5 frilled lizards
  8 kobolds
  9 rats
130 creatures vanquished.

Notes
Turn   | Place    | Note
-------+----------+-------------------------------------------
     0 | D:1      | Peloso the Minotaur Fighter began the quest for the Orb.
     0 | D:1      | Reached XP level 1. HP: 19/19 MP: 0/0
     1 | D:1      | Found a runed translucent door.
   291 | D:1      | Reached XP level 2. HP: 27/27 MP: 1/1
   946 | D:2      | Reached XP level 3. HP: 20/33 MP: 2/2
  1082 | D:2      | Reached XP level 4. HP: 21/41 MP: 3/3
  1698 | D:1      | Reached XP level 5. HP: 46/47 MP: 4/4
  1767 | D:3      | Noticed beef's ghost (weakling DECj)
  1787 | D:3      | Found a transporter.
  2082 | D:3      | Noticed Robin
  2116 | D:3      | Killed Robin
  2292 | D:3      | Found a transporter.
  2336 | D:3      | Found a sacrificial altar of Ru.
  2431 | D:3      | Found a runed translucent door.
  2432 | D:3      | Noticed Crazy Yiuf
  2675 | D:4      | Reached skill level 1 in Dodging
  2891 | D:4      | Reached skill level 5 in Armour
  2891 | D:4      | Reached XP level 6. HP: 37/55 MP: 5/5
  3016 | D:4      | Found a hazy altar of Hepliaklqana.
  3134 | D:4      | Noticed Grinder
  3154 | D:4      | Killed Grinder
  3155 | D:4      | Reached skill level 5 in Fighting
  3155 | D:4      | Reached skill level 5 in Long Blades
  3155 | D:4      | Reached skill level 5 in Shields
  3308 | D:4      | Reached XP level 7. HP: 59/61 MP: 6/6
  3706 | D:4      | Found a staircase to the Ecumenical Temple.
  3823 | Temple   | Entered the Ecumenical Temple
  3909 | D:5      | Entered Level 5 of the Dungeon
  4003 | D:5      | Found a shadowy altar of Dithmenos.
  4069 | D:5      | Found a transporter.
  4069 | D:5      | Noticed Edmund
  4078 | D:5      | HP: 2/54 [scorpion (6)]
  4079 | D:5      | Slain by Edmund

Illustrated notes

Levels and vault maps discovered:
D:1:      dpeg_arrival_caged_fury, layout_basic, chequers_serial_rivers_large_b,
          minmay_tromino_mix6
D:2:      layout_basic, minmay_quadrilaterals
D:3:      layout_rooms, nicolae_ru_path_of_blood, gammafunk_ghost_stat_death,
          minmay_fountain_box, chequers_serial_rivers_large_a,
          minmay_misc_feat_four_crosses, serial_bayou_pond_d, uniq_robin,
          uniq_crazy_yiuf_cottage
D:4:      layout_cave_pools, nicolae_hepliaklqana_hazy_memory, temple_statues,
          grunt_decor_arrowhead, minmay_misc_feat_cross, minmay_misc_feat_doors,
          uniq_grinder
D:5:      layout_gridville, grunt_temple_overflow_open,
          grunt_dithmenos_smoke_and_mirrors, gammafunk_ghost_mausoleum,
          minmay_shop_damaged, nzn_random_ring, uniq_edmund
Temple:   compressed_dpeg_triangle_lava_temple

Skill      XL: |  1  2  3  4  5  6  7 |
---------------+----------------------+-----
Fighting       | 4 5 |  5.6
Armour         | 4 5 6 |  6.1
Shields        | 4 5 |  5.1
Long Blades    | 3 4 5 6 |  6.5
Dodging        | 1 |  1.4
Stealth        | |  0.4
Evocations     | |  0.1

Action                     |  1- 3 |  4- 6 |  7- 9 || total
---------------------------+-------+-------+-------++-------
  Melee: Long sword        |    53 |   186 |    58 ||   297
         Headbutt          |     7 |    29 |    12 ||    48
  Evoke: Wand              |       |     1 |       ||     1
    Use: Scroll            |       |     3 |       ||     3
         Potion            |       |       |     2 ||     2
 Armour: Scale mail        |    53 |     4 |       ||    57
         Chain mail        |       |   195 |    56 ||   251
  Dodge: Dodged            |    30 |    92 |    25 ||   147
  Block: Buckler           |    17 |    61 |    14 ||    92
